 Dungeon Crawl Stone Soup version 0.29.1-12-g30fa7ad0bf (webtiles) character file.

Game seed: 7058700961933544218

1870887 safid the Merry Minotaur (level 26, 266/266 HPs)
             Began as a Minotaur Hunter on Dec 20, 2022.
             Was the Champion of Okawaru.
             Escaped with the Orb
             ... and 3 runes on Dec 24, 2022!
             The game lasted 03:03:43 (54869 turns).

safid the Merry Minotaur (Minotaur Hunter)         Turns: 54869, Time: 03:03:44

Health: 266/266    AC: 50    Str: 22    XL:     26   Next: 6%
Magic:  32/32      EV: 23    Int:  2    God:    Okawaru [******]
Gold:   5281       SH:  0    Dex: 33    Spells: 25/25 levels left

rFire   + + +      SeeInvis +   q - +9 triple crossbow (vorpal)
rCold   + . .      Faith    +   (shield currently unavailable)
rNeg    + . .      Spirit   .   V - +9 scales of the Dragon King {rPois rF+ rC+ Will+}
rPois   +          Reflect  .   M - +2 hat {Will+}
rElec   +          Harm     .   H - +2 cloak {Stlth+}
rCorr   .          Rampage  .   I - +2 pair of gloves "Xaexeb" {rElec rF+ rN+ Str+4}
Will    +++..                   N - +2 pair of boots
Stlth   ..........              m - amulet of the Death Scarab {Faith rC- Regen+ Dex+3 Slay+3}
HPRegen 1.34/turn               b - ring of Voesac {rPois rF+ rC+ Int-4 Dex+6}
MPRegen 0.23/turn               L - ring of see invisible

@: studying Earth Magic
A: horns 2, retaliatory headbutt, mutation resistance 1
0: Orb of Zot
}: 3/15 runes: barnacled, slimy, gossamer
a: Renounce Religion, Heroism, Finesse, Duel


You escaped.
You worshipped Okawaru.
Okawaru was exalted by your worship.
You visited 12 branches of the dungeon, and saw 52 of its levels.
You also visited: Bailey and Wizlab.

You collected 8284 gold pieces.
You spent 3003 gold pieces at shops.

Inventory:

Hand Weapons
 q - a +9 vorpal triple crossbow (weapon)
 y - the +10 longbow "Byl Vecs" {speed, Int+3}
   (Okawaru gifted it to you on level 2 of the Orcish Mines)

   Attacks with this weapon are significantly faster.
   Int:       It affects your intelligence (+3).
 T - the +10 arbalest of Demand {penet, rF- Int+6}
   (You found it on level 2 of the Depths)

   Any ammunition fired by it passes through the targets it hits, potentially
   hitting all targets in its path until it reaches maximum range.
   Int:       It affects your intelligence (+6).
   rF:        It makes you vulnerable to fire.
Missiles
 u - 5 curare-tipped darts
 K - 5 throwing nets
 R - 14 silver javelins
Armour
 D - the +5 tower shield "Lofuorch Luve" {-Cast rC++ Regen+}
   (You found it on level 1 of the Realm of Zot)

   rC:        It greatly protects you from cold.
   -Cast:     It prevents spellcasting.
   Regen:     It increases your rate of health regeneration.
 H - a +2 cloak of stealth (worn)
 I - the +2 pair of gloves "Xaexeb" (worn) {rElec rF+ rN+ Str+4}
   (Okawaru gifted it to you on level 5 of the Lair of Beasts)

   Str:       It affects your strength (+4).
   rF:        It protects you from fire.
   rElec:     It insulates you from electricity.
   rN:        It protects you from negative energy.
 M - a +2 hat of willpower (worn)
 N - a +2 pair of boots (worn)
 Q - the +2 ring mail "Jait" {Regen+ Dex+4}
   (You found it on level 3 of the Elven Halls)

   Dex:       It affects your dexterity (+4).
   Regen:     It increases your rate of health regeneration.
 V - the +9 scales of the Dragon King (worn) {rPois rF+ rC+ Will+}
   (You found it on level 1 of the Vaults)

   rF:        It protects you from fire.
   rC:        It protects you from cold.
   rPois:     It protects you from poison.
   Will:      It increases your willpower.
Jewellery
 b - the ring of Voesac (left hand) {rPois rF+ rC+ Int-4 Dex+6}
   (You found it on level 3 of the Elven Halls)

   [ring of dexterity]

   Int:       It affects your intelligence (-4).
   Dex:       It affects your dexterity (+6).
   rF:        It protects you from fire.
   rC:        It protects you from cold.
   rPois:     It protects you from poison.
 m - the amulet of the Death Scarab (around neck) {Faith rC- Regen+ Dex+3 Slay+3}
   (You found it on level 2 of the Dungeon)

   [amulet of faith]

   It allows you to gain divine favour quickly.
   Dex:       It affects your dexterity (+3).
   Slay:      It affects your accuracy & damage with ranged weapons and melee
   (+3).
   rC:        It makes you vulnerable to cold.
   Regen:     It increases your rate of health regeneration.
 p - a ring of resist corrosion
 x - a ring of willpower
 z - a ring of positive energy
 L - a ring of see invisible (right hand)
 U - a ring of protection from cold
Wands
 h - a wand of polymorph (49)
 v - a wand of quicksilver (36)
 w - a wand of roots (41)
 A - a wand of flame (72)
 G - a wand of digging (21)
 O - a wand of mindburst (11)
Scrolls
 c - 6 scrolls of fear
 g - 8 scrolls of blinking
 k - 25 scrolls of teleportation
 l - 6 scrolls of poison
 t - a scroll of magic mapping
 F - 3 scrolls of enchant armour
 P - 3 scrolls of silence
Potions
 a - 12 potions of might
 d - 6 potions of haste
 e - 3 potions of cancellation
 f - 9 potions of resistance
 i - 11 potions of ambrosia
 j - 8 potions of heal wounds
 n - 3 potions of flight
 o - 20 potions of curing
 s - 8 potions of invisibility
 C - 8 potions of lignification
 E - 2 potions of brilliance
 J - 8 potions of mutation
Miscellaneous
 r - a lightning rod (4/4)
 B - a phial of floods


   Skills:
 O Level 27 Fighting
 O Level 27 Ranged Weapons
 + Level 10.6 Throwing
 O Level 27 Armour
 + Level 21.2 Dodging
 - Level 1.0 Stealth
 - Level 14.0 Invocations
 + Level 10.1 Evocations


You had 25 spell levels left.
You didn't know any spells.
Your spell library contained the following spells:

 Spells                   Type           Power      Damage    Failure   Level
 Foxfire                  Conj/Fire      0%         2x1d4     99%         1
 Freeze                   Ice            0%         1d3       99%         1
 Sandblast                Erth           0%         2d4       99%         1
 Slow                     Hex            0%         N/A       99%         1
 Sting                    Tmut/Pois      0%         1d3       99%         1
 Blink                    Tloc           0%         N/A       100%        2
 Ensorcelled Hibernation  Hex/Ice        0%         N/A       100%        2
 Passwall                 Tmut/Erth      0%         N/A       100%        2
 Poisonous Vapours        Pois/Air       0%         N/A       100%        2
 Static Discharge         Conj/Air       0%         3-3/arc   100%        2
 Sublimation of Blood     Necr           0%         N/A       100%        2
 Confusing Touch          Hex            0%         N/A       100%        3
 Conjure Flame            Conj/Fire      0%         6-21      100%        3
 Dazzling Flash           Conj/Hex       0%         N/A       100%        3
 Frozen Ramparts          Ice            0%         1d1       100%        3
 Gell's Gravitas          Tloc           0%         N/A       100%        3
 Ignite Poison            Fire/Tmut/Pois 0%         N/A       100%        3
 Inner Flame              Hex/Fire       0%         N/A       100%        3
 Lesser Beckoning         Tloc           0%         N/A       100%        3
 Mephitic Cloud           Conj/Pois/Air  0%         N/A       100%        3
 Portal Projectile        Hex/Tloc       0%         N/A       100%        3
 Spider Form              Tmut/Pois      0%         N/A       100%        3
 Stone Arrow              Conj/Erth      0%         3d7       100%        3
 Teleport Other           Tloc           0%         N/A       100%        3
 Vampiric Draining        Necr           0%         2d6       100%        3
 Anguish                  Hex/Necr       0%         N/A       100%        4
 Cause Fear               Hex            0%         N/A       100%        4
 Corpse Rot               Necr/Pois/Air  0%         N/A       100%        4
 Dispel Undead            Necr           0%         3d6       100%        4
 Flame Wave               Conj/Fire      0%         2d4       100%        4
 Hailstorm                Conj/Ice       0%         3d3       100%        4
 Iskenderun's Mystic Bla  Conj/Tloc      0%         2d3       100%        4
 Leda's Liquefaction      Hex/Erth       0%         N/A       100%        4
 Olgreb's Toxic Radiance  Pois           0%         N/A       100%        4
 Petrify                  Tmut/Erth      0%         N/A       100%        4
 Sticky Flame             Conj/Fire      0%         2d3       100%        4
 Blade Hands              Tmut           0%         N/A       100%        5
 Borgnjor's Vile Clutch   Necr/Erth      0%         N/A       100%        5
 Fireball                 Conj/Fire      0%         3d3       100%        5
 Freezing Cloud           Conj/Ice/Air   0%         6-21      100%        5
 Irradiate                Conj/Tmut      0%         3d11      100%        5
 Iskenderun's Battlesphe  Conj           0%         2d6       100%        5
 Lightning Bolt           Conj/Air       0%         1d11      100%        5
 Manifold Assault         Tloc           0%         N/A       100%        5
 Metabolic Englaciation   Hex/Ice        0%         N/A       100%        5
 Conjure Ball Lightning   Conj/Air       0%         3x3d6     100%        6
 Dispersal                Tloc           0%         N/A       100%        6
 Eringya's Noxious Bog    Tmut/Pois      0%         N/A       100%        6
 Iron Shot                Conj/Erth      0%         9d1       100%        6
 Starburst                Conj/Fire      0%         6d3       100%        6
 Statue Form              Tmut/Erth      0%         N/A       100%        6
 Dragon Form              Tmut           0%         N/A       100%        7
 Enfeeble                 Hex            0%         N/A       100%        7
 Orb of Destruction       Conj           0%         9d5       100%        7
 Disjunction              Tloc           0%         N/A       100%        8
 Lehudib's Crystal Spear  Conj/Erth      0%         10d2      100%        8
 Maxwell's Capacitive Co  Air            0%         ∞         100%        8
 Shatter                  Erth           0%         3d5*      100%        9
 Call Canine Familiar     Summ           Unusable   N/A       N/A         3
 Summon Guardian Golem    Hex/Summ       Unusable   N/A       N/A         3
 Animate Armour           Summ/Erth      Unusable   N/A       N/A         4
 Animate Dead             Necr           Unusable   N/A       N/A         4
 Summon Forest            Summ/Tloc      Unusable   N/A       N/A         5
 Death Channel            Necr           Unusable   N/A       N/A         6
 Spellforged Servitor     Conj/Summ      Unusable   N/A       N/A         7
 Summon Hydra             Summ           Unusable   N/A       N/A         7
 Dragon's Call            Summ           Unusable   N/A       N/A         9

Dungeon Overview and Level Annotations

Branches:
Dungeon (15/15)            Temple (1/1) D:4            Lair (5/5) D:8
 Shoals (4/4) Lair:2       Spider (4/4) Lair:3        Slime (5/5) Lair:5
    Orc (2/2) D:11            Elf (3/3) Orc:2        Vaults (3/5) D:13
  Crypt (1/3) Vaults:3     Depths (4/4) D:15            Zot (5/5) Depths:4
 Bailey (visited)          WizLab (visited)

Altars:
Ashenzari
Cheibriados
Dithmenos
Elyvilon
Fedhas
Gozag
Hepliaklqana
Kikubaaqudgha
Makhleb
Nemelex Xobeh
Okawaru
Qazlal
Ru
Sif Muna
Trog
Uskayaw
Vehumet
Wu Jian
Xom
Yredelemnul
Zin
The Shining One
Jiyva
Lugonu

Shops:
D:1 (   Orc:2 *!!=:   Vaults:1 :   Depths:1 :   Depths:3 **

Portals:
Hell: Depths:1 Depths:2 Depths:3 Depths:4
Abyss: Lair:5 Depths:1 Depths:2 Depths:3 Depths:4
Pandemonium: Depths:2
Ziggurat: Depths:2
Trove: D:13 (give +6 demon whip)

Annotations:
D:9 5 transporters
Elf:2 4 runed translucent doors
Zot:3 1 runed translucent door, runemage's ghost, legendary GnFi
Zot:4 exclusion: 2 oklob plants


Innate Abilities, Weirdness & Mutations

You have a pair of horns on your head.
You reflexively headbutt those who attack you in melee.
You are somewhat resistant to further mutation.


Message History

(N) Spider Nest (M) Slime Pits (O) Orcish Mines (E) Elven Halls (V) Vaults (C) Crypt (U) Depths (H) Hell (Z) Zot
Where to? (Enter - D:3, ? - help)
There is a stone staircase leading up here.
You climb upwards.
There is a stone staircase leading down here.
(D) Dungeon (T) Temple (L) Lair (A) Shoals (N) Spider Nest (M) Slime Pits (O) Orcish Mines (E) Elven Halls (V) Vaults (C) Crypt (U) Depths (H) Hell (Z) Zot
Where to? (Enter - D:2, ? - help)
There is a stone staircase leading up here.
You climb upwards.
There is a stone staircase leading down here.
(D) Dungeon (T) Temple (L) Lair (A) Shoals (N) Spider Nest (M) Slime Pits (O) Orcish Mines (E) Elven Halls (V) Vaults (C) Crypt (U) Depths (H) Hell (Z) Zot
Where to? (Enter - D:1, ? - help)
Okay, then.
(D) Dungeon (T) Temple (L) Lair (A) Shoals (N) Spider Nest (M) Slime Pits (O) Orcish Mines (E) Elven Halls (V) Vaults (C) Crypt (U) Depths (H) Hell (Z) Zot
Where to? (Enter - D:1, ? - help)
Okay, then.
An Orb Guardian comes into view.
You shoot a bolt.
The bolt closely misses the Orb Guardian.
You shoot a bolt.
The bolt barely misses the Orb Guardian.
You shoot a bolt. The bolt hits the Orb Guardian!!!!
You kill the Orb Guardian!
Okawaru accepts your kill.
No target in view!
There is a stone staircase leading down here.
There is an empty arch of ancient stone here.
There is a staircase leading out of the dungeon here.
You have escaped!

.#####...#.# ###
#.....[.......#
...........###.♣
♣♣##....#.#.###
.......#####§♣.♣♣ ♣§#.....#.#
.###.......⌠.♣♣.♣♣♣♣§§.§...#.#
.# #.......♣♣..8.8.§♣.§§...#.#
.###..##..#.♣♣8...8♣♣§§....#.#
.#.........♣.8..∩..8.♣♣..#.#.#
.#.##.....♣.8.......8♣.....#.#
..........♣♣..∩.@.∩...♣......#
...#........8.......8.♣....###
####......♣♣♣8..∩..8♣♣.###.#
####...##.#♣..8...8♣..#§...###
#......##.#.♣♣♣8.8..♣⌠.......#
#.###..##.#§.♣♣..♣♣♣.§.......#
#.# #...#.##♣..♣...♣♣#.......#
#.####..#.####♣♣.♣♣..........#
#.#.....#.....#..#...........#


There were no monsters in sight!

Vanquished Creatures
  the Royal Jelly (Slime:5)
  2 dread liches
  An ancient lich (Zot:5)
  An orb of fire (Zot:5)
  Mara (Vaults:3)
  3 Killer Klowns (Zot:5)
  3 caustic shrikes
  9 curse toes
  11 golden dragons
  Arachne (Spider:4)
  A Hellbinder (WizLab)
  2 Brimstone Fiends
  2 electric golems
  Zenata (Elf:3)
  Jorgrun (Orc:2)
  16 tentacled monstrosities
  Asterion (Vaults:3)
  24 Orb Guardians
  Mlioglotl (Spider:1)
  A lich (Depths:2)
  4 deep elf blademasters
  An Ice Fiend (D:6)
  2 walking frostbound tomes
  2 quicksilver dragons
  22 acid blobs
  4 titans
  6 deep elf master archers (Elf:3)
  The ghost of Vulomepn the Severer, an adept HOBe of Trog (Depths:3)
  2 Executioners
  4 death cobs
  A kraken (Shoals:2)
  4 shadow dragons
  Frances (Shoals:2)
  5 tengu reavers
  3 sphinxes
  7 draconian monks
  Ilsuiw (Shoals:2)
  15 storm dragons
  5 azure jellies
  9 fire giants
  A revenant (Crypt:1)
  5 rockslimes
  6 deep elf sorcerers
  4 iron dragons
  6 draconian knights
  12 frost giants
  2 orc warlords (Vaults:1)
  2 emperor scorpions
  12 draconian scorchers
  3 balrugs
  A curse skull (Crypt:1)
  A draconian stormcaller (Zot:4)
  6 vault wardens
  A cacodemon (WizLab)
  Louise (Spider:2)
  6 ghost moths
  10 draconian shifters
  5 spectral caustic shrikes (Depths:1)
  4 deep elf elementalists (Elf:3)
  A reaper (Depths:1)
  A quicksilver ooze (shapeshifter) (Lair:5)
  21 stone giants
  7 quicksilver oozes
  8 ironbound thunderhulks
  5 broodmothers
  8 draconian annihilators
  17 very ugly things
  A war gargoyle (Vaults:2)
  A stone giant (shapeshifter) (Depths:4)
  19 ironbound preservers
  15 green draconians
  2 spriggan defenders
  6 vampire knights
  3 deep elf demonologists
  9 black draconians
  5 entropy weavers
  A demonspawn black sun (WizLab)
  The ghost of Afruuf the Cleaver, a journeyman PaFi of Ashenzari (D:14)
  14 spark wasps
  5 lorocyprocas
  13 yellow draconians
  13 white draconians
  6 deep elf annihilators (Elf:3)
  9 purple draconians
  8 ettins
  A green death (WizLab)
  13 red draconians
  8 deep elf death magi
  2 eidola (Crypt:1)
  A blizzard demon (WizLab)
  6 merfolk javelineers
  16 fire dragons
  4 crystal guardians (Depths:2)
  14 merfolk impalers
  Josephine (Orc:2)
  6 yaktaur captains
  A spriggan zombie (Crypt:1)
  10 great orbs of eyes
  4 deep elf high priests
  16 boulder beetles
  A vault guard (Vaults:1)
  3 rakshasas
  2 hell beasts
  4 ogre magi (D:15)
  An anaconda (shapeshifter) (Depths:4)
  A caustic shrike simulacrum (Depths:3)
  13 hydras
  A peacekeeper (Vaults:2)
  13 ice dragons
  Erolcha (Orc:2)
  3 merfolk avatars
  A radroach (Spider:3)
  4 ironbound frosthearts
  2 jorogumos
  3 catoblepae
  A death knight (Crypt:1)
  12 centaur warriors
  5 merfolk aquamancers
  5 spriggan air magi
  2 alligator snapping turtles
  31 dancing weapons
  3 two-headed ogres
  9 deep troll shamans
  11 deep troll earth magi
  The ghost of cheesebisquit the Bludgeoner, a novice MiBe of Trog (D:8)
  5 spriggan berserkers
  2 vampire magi
  2 thrashing horrors (Lair:5)
  11 tengu warriors
  11 hell knights
  4 orc high priests
  16 deep elf knights
  A quicksilver ooze zombie (Crypt:1)
  A sun demon (Depths:3)
  2 skeletal warriors
  3 soul eaters (WizLab)
  A fire crab (D:15)
  2 salamander mystics
  Nergalle (D:11)
  3 sun moths
  A fire crab (shapeshifter) (D:15)
  5 sixfirhies
  14 pharaoh ants
  10 iron trolls
  A storm dragon skeleton (Crypt:1)
  A cherub (Zot:5)
  11 steelbarb worms
  9 sea snakes
  2 orb spiders (shapeshifter)
  2 flayed ghosts
  An obsidian statue (Depths:3)
  A ghost moth zombie (Crypt:1)
  6 orb spiders
  2 shadow demons
  2 sea snakes (shapeshifter)
  5 phantasmal warriors (Crypt:1)
  An orange crystal statue (Depths:2)
  12 ironbound convokers
  75 deep trolls
  A golden dragon skeleton (Depths:3)
  A swamp dragon (Zot:2)
  A bunyip zombie (Crypt:1)
  10 lindwurms
  11 deep elf archers
  4 glowing orange brains
  13 harpies
  12 orc knights
  Pikel (D:4)
  9 wizards
  31 deep elf pyromancers
  4 necromancers
  An iron dragon zombie (Crypt:1)
  4 oklob plants (Zot:4)
  15 wolf spiders
  4 orc sorcerers (Orc:2)
  16 deep elf zephyrmancers
  5 fauns (Shoals:3)
  3 shining eyes
  32 ugly things
  11 manticores
  A tengu skeleton (Depths:3)
  6 salamanders
  8 cyclopes
  25 moths of wrath
  A fire giant skeleton (Crypt:1)
  11 black mambas
  A toenail golem (Zot:5)
  10 water nymphs
  5 elephants
  Joseph (D:8)
  2 black mambas (shapeshifter)
  Maurice (Orc:2)
  11 merfolk sirens
  3 rust devils (WizLab)
  2 eyes of devastation (Slime:5)
  A water nymph (shapeshifter) (Depths:3)
  10 apocalypse crabs (Zot:1)
  Maggie (D:7)
  A titan simulacrum (Depths:3)
  4 smoke demons
  13 cane toads
  3 orange demons
  3 torpor snails
  3 molten gargoyles
  8 vault sentinels
  2 ice devils (WizLab)
  2 hellions
  8 demonic crawlers
  3 rime drakes
  5 freezing wraiths (D:15)
  7 komodo dragons
  2 unseen horrors
  A yaktaur (shapeshifter) (Elf:3)
  3 efreet
  2 kobold demonologists
  4 tengu conjurers
  2 tormentors
  7 yaktaurs
  3 red devils
  A queen bee (D:14)
  2 polar bears
  28 merfolk
  3 ancient zymes (Lair:5)
  A troll (shapeshifter) (D:15)
  13 wind drakes
  8 meliai
  Grinder (D:4)
  23 tarantellas
  11 hornets
  8 trolls
  A blink frog (shapeshifter) (D:15)
  33 dream sheep
  29 blink frogs
  5 snapping turtles
  94 slime creatures
  A culicivora (shapeshifter) (D:15)
  5 flying skulls (Crypt:1)
  16 jumping spiders
  20 culicivoras
  2 vampires (D:12)
  7 spriggans
  Sigmund (D:3)
  12 air elementals
  4 wyverns
  2 large abominations (Lair:5)
  24 water elementals
  2 shadows
  A hog (shapeshifter) (Elf:1)
  A fire elemental (Elf:3)
  11 wraiths
  6 yaks
  16 basilisks
  4 chaos spawn
  7 ynoxinuls
  Grum (D:11)
  A golden eye (Slime:5)
  33 redbacks
  2 steam dragons
  8 vampire mosquitoes
  A neqoxec (WizLab)
  Menkaure (D:6)
  2 wargs
  2 acid dragons
  13 water moccasins
  2 floating eyes
  2 floating eyes (shapeshifter)
  6 black bears
  A merfolk skeleton (Crypt:1)
  A manticore zombie (Crypt:1)
  53 orc warriors
  2 ice beasts
  A sky beast (D:6)
  10 wolves
  5 ogres
  7 centaurs
  3 boggarts (Vaults:2)
  A lemure (D:4)
  A torpor snail zombie (Crypt:1)
  2 phantoms
  A kobold brigand (D:9)
  A salamander zombie (Crypt:1)
  A gnoll sergeant (D:7)
  14 bullfrogs
  4 necrophages
  3 scorpions
  2 earth elementals
  7 wights (D:7)
  22 killer bees
  5 small abominations (Lair:5)
  5 howler monkeys
  4 electric eels
  5 lava snakes (D:11)
  3 jellies
  2 hounds
  20 orc priests
  A gnoll bouda (D:8)
  Jessica (D:3)
  An iguana (D:5)
  Terence (D:3)
  32 orc wizards
  A boggart simulacrum (D:15)
  A howler monkey zombie (Crypt:1)
  8 gnolls
  3 adders
  A steam dragon skeleton (Crypt:1)
  A shadow imp (D:8)
  An ufetubus (D:4)
  67 orcs
  8 bats
  7 endoplasms
  3 giant cockroaches
  17 goblins
  16 hobgoblins
  7 jackals
  12 kobolds
  5 quokkas
  7 ball pythons
  An endoplasm zombie (Crypt:1)
  6 frilled lizards
  An orc skeleton (Crypt:1)
  3 rats
  A plant (Shoals:1)
  4 tentacles (Shoals:2)
2186 creatures vanquished.

Vanquished Creatures (others)
  A ghost moth (Zot:4)
  A deep troll (Depths:3)
  A deep elf pyromancer (Elf:1)
  A wizard (D:6)
  A water elemental (D:14)
  12 fungi
  102 plants
  3 tentacles (Shoals:2)
122 creatures vanquished.

Grand Total: 2308 creatures vanquished

Notes
Turn   | Place    | Note
-------+----------+-------------------------------------------
     0 | D:1      | safid the Minotaur Hunter began the quest for the Orb.
     0 | D:1      | Reached XP level 1. HP: 18/18 MP: 0/0
   386 | D:1      | Reached XP level 2. HP: 26/26 MP: 1/1
   447 | D:1      | Found Lisoral's Weapon Emporium.
   908 | D:2      | Reached skill level 5 in Ranged Weapons
   908 | D:2      | Reached XP level 3. HP: 31/31 MP: 2/2
   960 | D:2      | Identified the amulet of the Death Scarab {Faith rC- Regen+
                  | Dex+3 Slay+3}
  1426 | D:3      | Noticed Sigmund
  1463 | D:3      | Killed Sigmund
  1464 | D:3      | Reached skill level 5 in Fighting
  1464 | D:3      | Reached XP level 4. HP: 41/42 MP: 3/3
  1464 | D:3      | Reached XP level 5. HP: 47/48 MP: 4/4
  1535 | D:3      | Noticed Jessica
  1541 | D:3      | Killed Jessica
  1637 | D:3      | Found a faded altar of an unknown god.
  1661 | D:3      | Noticed Terence
  1668 | D:3      | Killed Terence
  1669 | D:3      | Reached XP level 6. HP: 53/56 MP: 5/5
  1753 | D:3      | Found a sparkling altar of Nemelex Xobeh.
  1955 | D:4      | Found a staircase to the Ecumenical Temple.
  1971 | Temple   | Entered the Ecumenical Temple
  2026 | Temple   | Became a worshipper of Warmaster Okawaru
  2217 | D:4      | Reached XP level 7. HP: 64/64 MP: 6/6
  2274 | D:4      | Reached * piety under Okawaru
  2346 | D:4      | Noticed Pikel
  2377 | D:4      | Killed Pikel
  2377 | D:4      | Reached ** piety under Okawaru
  2378 | D:4      | Reached XP level 8. HP: 31/74 MP: 7/7
  2441 | D:4      | Reached *** piety under Okawaru
  2721 | D:4      | Identified the +6 sling "Worm's Wrath" {venom, rF- rC+++
                  | MP+9 Str-4}
  2889 | D:4      | Found a hazy altar of Hepliaklqana.
  2889 | D:4      | Found a hide-covered altar of Uskayaw.
  2889 | D:4      | Found a burning altar of Makhleb.
  3004 | D:4      | Noticed Grinder
  3015 | D:4      | Killed Grinder
  3016 | D:4      | Reached skill level 10 in Ranged Weapons
  3048 | D:5      | Entered Level 5 of the Dungeon
  3623 | D:5      | Found a snail-covered altar of Cheibriados.
  3992 | D:6      | Reached XP level 9. HP: 81/81 MP: 8/8
  4049 | D:6      | Noticed Menkaure
  4056 | D:6      | Killed Menkaure
  4056 | D:6      | Reached **** piety under Okawaru
  4182 | D:6      | Reached skill level 1 in Invocations
  4229 | D:6      | Found a snail-covered altar of Cheibriados.
  4520 | D:6      | Found a bloodstained altar of Trog.
  4544 | D:6      | Noticed a wizard
  4546 | D:6      | Killed a wizard
  4676 | D:6      | Found a glowing silver altar of Zin.
  4896 | D:7      | Reached ***** piety under Okawaru
  5142 | D:7      | Received a gift from Okawaru
  5149 | D:7      | Reached skill level 5 in Invocations
  5248 | D:7      | Noticed Maggie
  5263 | D:7      | Killed Maggie
  5264 | D:7      | Reached XP level 10. HP: 68/88 MP: 11/13
  6309 | D:8      | Noticed cheesebisquit's ghost (novice MiBe)
  6329 | D:8      | Noticed Joseph
  6347 | D:8      | Killed Joseph
  6476 | D:8      | Found a radiant altar of Vehumet.
  6636 | D:8      | Found a staircase to the Lair.
  6734 | D:8      | Found a runed translucent gate.
  6734 | D:8      | Found a runed translucent gate.
  6734 | D:8      | Found a runed translucent gate.
  7269 | D:9      | Found a transporter.
  7270 | D:9      | Noticed a centaur warrior
  7270 | D:9      | Noticed a two-headed ogre
  7271 | D:9      | Found a transporter.
  7271 | D:9      | Noticed a catoblepas
  7286 | D:9      | Found a transporter.
  7302 | D:9      | Identified the +9 rapier "Qiafrur" {venom, rPois rF+ rC+
                  | Will-} (Okawaru gifted it to you on level 9 of the Dungeon)
  7302 | D:9      | Received a gift from Okawaru
  7320 | D:9      | Found a flagged portal.
  7345 | Bailey   | Entered a bailey
  7538 | Bailey   | Found an iron altar of Okawaru.
  7538 | Bailey   | Noticed an orc high priest
  7538 | Bailey   | Noticed an orc knight
  7539 | Bailey   | Noticed an orange demon
  7548 | Bailey   | Killed an orc knight
  7556 | Bailey   | Killed an orc high priest
  7557 | Bailey   | Reached skill level 15 in Ranged Weapons
  7557 | Bailey   | Reached XP level 11. HP: 61/94 MP: 9/16
  7653 | Bailey   | Identified the +9 falchion "Qohaucza" {flame, Int+5 Dex+4}
  7654 | Bailey   | Identified the +8 quarterstaff of Purpose {elec, Int+3}
  7826 | Bailey   | Identified the +6 arbalest "Otoy" {flame, rF+} (Okawaru
                  | gifted it to you in a bailey)
  7826 | Bailey   | Received a gift from Okawaru
  8261 | D:9      | Identified the ring "Oragudgh" {rF+ Will++}
  8362 | D:9      | Noticed a fire crab
  8382 | D:9      | Found a transporter.
  8576 | D:9      | Found a transporter.
  8947 | D:10     | Entered Level 10 of the Dungeon
  9583 | Lair:1   | Entered Level 1 of the Lair of Beasts
  9657 | Lair:1   | Received a gift from Okawaru
  9660 | Lair:1   | Reached ****** piety under Okawaru
  9661 | Lair:1   | Reached skill level 10 in Invocations
 10214 | D:8      | Acquired 1000 gold pieces
 10632 | Lair:2   | Reached skill level 1 in Armour
 10641 | Lair:2   | Reached XP level 12. HP: 69/102 MP: 18/18
 11057 | Lair:2   | Noticed an eight-headed hydra
 11064 | Lair:2   | Killed an eight-headed hydra
 11168 | Lair:2   | Found a staircase to the Shoals.
 11200 | Lair:2   | Found a glowing silver altar of Zin.
 11451 | Lair:2   | You fall into a shaft and drop 2 floors!
 11583 | Lair:3   | Identified the +10 arbalest of Truth {flame, *Corrode rPois
                  | rF+ Int+4} (Okawaru gifted it to you on level 3 of the Lair
                  | of Beasts)
 11583 | Lair:3   | Received a gift from Okawaru
 11852 | Lair:3   | Noticed an eight-headed hydra
 11854 | Lair:3   | Reached skill level 5 in Dodging
 11865 | Lair:3   | Killed an eight-headed hydra
 11866 | Lair:3   | Reached skill level 5 in Armour
 12145 | Lair:3   | Noticed a boulder beetle
 12161 | Lair:3   | Killed a boulder beetle
 12167 | Lair:3   | Reached skill level 10 in Fighting
 12318 | Lair:3   | Received a gift from Okawaru
 12519 | Lair:3   | Found a hole to the Spider Nest.
 12827 | Lair:3   | Reached XP level 13. HP: 96/114 MP: 19/19
 13368 | Lair:4   | Received a gift from Okawaru
 13471 | Lair:5   | Entered Level 5 of the Lair of Beasts
 13904 | Lair:5   | Identified the +2 pair of gloves "Xaexeb" {rElec rF+ rN+
                  | Str+4} (Okawaru gifted it to you on level 5 of the Lair of
                  | Beasts)
 13904 | Lair:5   | Received a gift from Okawaru
 13965 | Lair:5   | Found a corrupted altar of Lugonu.
 13965 | Lair:5   | Found a one-way gate to the infinite horrors of the Abyss.
 14050 | Lair:5   | Identified the ring of Hoixad {Wiz rF+ MP+9}
 14762 | Lair:5   | Noticed a quicksilver ooze
 14771 | Lair:5   | Killed a quicksilver ooze
 14875 | Lair:5   | Found a staircase to the Slime Pits.
 14876 | Lair:5   | Found a viscous altar of Jiyva.
 15210 | Lair:5   | Identified the +7 dagger "Jyal" {elec, Str+6}
 15352 | Lair:5   | Reached XP level 14. HP: 126/126 MP: 20/20
 15615 | D:8      | Killed cheesebisquit's ghost
 15616 | D:8      | Reached skill level 10 in Armour
 15736 | D:11     | Noticed Nergalle
 15761 | D:11     | Killed Nergalle
 16042 | D:11     | Found a staircase to the Orcish Mines.
 16152 | D:11     | Noticed Grum
 16167 | D:11     | Killed Grum
 16736 | Orc:1    | Entered Level 1 of the Orcish Mines
 16861 | Orc:2    | Entered Level 2 of the Orcish Mines
 16861 | Orc:2    | Found Lasoimag's Self-Improvement Boutique.
 16935 | Orc:2    | Noticed Josephine
 16938 | Orc:2    | Identified the +10 longbow "Byl Vecs" {speed, Int+3}
                  | (Okawaru gifted it to you on level 2 of the Orcish Mines)
 16938 | Orc:2    | Received a gift from Okawaru
 16950 | Orc:2    | Killed Josephine
 17147 | Orc:2    | Noticed Maurice
 17168 | Orc:2    | Noticed Erolcha
 17171 | Orc:2    | Killed Maurice
 17175 | Orc:2    | Killed Erolcha
 17226 | Orc:2    | Found a staircase to the Elven Halls.
 17229 | Orc:2    | Noticed Jorgrun
 17244 | Orc:2    | Killed Jorgrun
 17351 | Orc:2    | Found Jisaarogu's Jewellery Shoppe.
 17351 | Orc:2    | Found Usemov's Distillery.
 17382 | Orc:2    | Found Goud's General Store.
 17386 | Orc:2    | Found Pydduvougg's Distillery.
 17562 | Orc:2    | Bought a manual of Fighting for 1200 gold pieces
 17616 | Orc:2    | Bought a ring of see invisible for 225 gold pieces
 17616 | Orc:2    | Bought the ring of Gluttony {rPois Slay+2} for 531 gold
                  | pieces
 17625 | Orc:2    | Bought a potion of flight for 39 gold pieces
 17625 | Orc:2    | Bought a potion of curing for 39 gold pieces
 17625 | Orc:2    | Bought a potion of resistance for 130 gold pieces
 17625 | Orc:2    | Bought a potion of ambrosia for 104 gold pieces
 17625 | Orc:2    | Bought 2 potions of curing for 78 gold pieces
 17627 | Orc:2    | Bought a potion of heal wounds for 65 gold pieces
 17627 | Orc:2    | Bought a potion of curing for 39 gold pieces
 18590 | D:12     | Received a gift from Okawaru
 19589 | D:13     | Found a gate to the Vaults.
 19924 | D:13     | Found a sacrificial altar of Ru.
 20004 | D:13     | Found a portal to a secret trove of treasure.
 20353 | D:14     | Received a gift from Okawaru
 20503 | D:14     | Noticed Afruuf's ghost (journeyman PaFi)
 20546 | D:14     | Found a transporter.
 20551 | D:14     | Found a transporter.
 20732 | D:14     | Reached XP level 15. HP: 138/138 MP: 22/22
 21230 | D:14     | Killed Afruuf's ghost
 21318 | D:15     | Entered Level 15 of the Dungeon
 21633 | D:15     | Reached skill level 15 in Fighting
 21662 | D:15     | Found a staircase to the Depths.
 21741 | D:15     | Found a snail-covered altar of Cheibriados.
 21741 | D:15     | Found a blossoming altar of Fedhas.
 21742 | D:15     | Found an ornate altar of the Wu Jian Council.
 21761 | D:15     | Received a gift from Okawaru
 21901 | D:15     | Reached skill level 10 in Dodging
 21920 | D:15     | Identified the +1 plate armour of Aggaq {Harm rCorr Int-3}
                  | (Okawaru gifted it to you on level 15 of the Dungeon)
 21920 | D:15     | Received a gift from Okawaru
 21937 | D:15     | Noticed a fire giant
 21947 | D:15     | Killed a fire giant
 21981 | D:15     | Noticed a sphinx
 21985 | D:15     | Killed a sphinx
 22160 | D:15     | Received a gift from Okawaru
 22383 | D:15     | Reached XP level 16. HP: 154/154 MP: 24/24
 22564 | D:15     | Noticed a tengu reaver
 22572 | D:15     | Killed a tengu reaver
 22586 | D:15     | Identified the +2 robe of the Game of Kings {Dex+2}
                  | (Okawaru gifted it to you on level 15 of the Dungeon)
 22586 | D:15     | Received a gift from Okawaru
 22608 | D:15     | Identified the +7 chain mail of the Endless Expanse {-Tele
                  | rElec rPois}
 23064 | Spider:1 | Entered Level 1 of the Spider Nest
 23456 | Spider:1 | Noticed Mlioglotl
 23467 | Spider:1 | Killed Mlioglotl
 24093 | Spider:2 | Identified the +2 hat "Xoichimo" {Dex+2} (Okawaru gifted it
                  | to you on level 2 of the Spider Nest)
 24093 | Spider:2 | Received a gift from Okawaru
 24150 | Spider:2 | Noticed Louise
 24170 | Spider:2 | Killed Louise
 25010 | Spider:3 | Reached XP level 17. HP: 167/170 MP: 25/25
 25385 | Spider:3 | Identified the +1 chain mail of Starshine {rC+ Regen+
                  | Slay+3} (Okawaru gifted it to you on level 3 of the Spider
                  | Nest)
 25385 | Spider:3 | Received a gift from Okawaru
 25882 | Spider:4 | Entered Level 4 of the Spider Nest
 25904 | Spider:4 | Noticed Arachne
 25925 | Spider:4 | Killed Arachne
 26427 | Spider:4 | Received a gift from Okawaru
 26678 | Spider:4 | Got a gossamer rune of Zot
 27559 | Depths:1 | Entered Level 1 of the Depths
 27612 | Depths:1 | Found Biyxkedu's Book Shop.
 27682 | Depths:1 | Identified the +8 longbow of Ukicwyg {freeze, Contam rPois
                  | Will+ Dex+4} (Okawaru gifted it to you on level 1 of the
                  | Depths)
 27682 | Depths:1 | Received a gift from Okawaru
 27822 | Depths:1 | Reached XP level 18. HP: 178/178 MP: 26/26
 27993 | Depths:1 | Identified the +1 buckler of Gluttony {Str+2 SInv} (Okawaru
                  | gifted it to you on level 1 of the Depths)
 27993 | Depths:1 | Received a gift from Okawaru
 27997 | Depths:1 | Found a gateway to Hell.
 28099 | Depths:1 | Found an iron altar of Okawaru.
 28662 | Depths:2 | You fall into a shaft and drop 2 floors!
 28662 | Depths:4 | Entered Level 4 of the Depths
 28808 | Depths:3 | Found a runed translucent gate.
 28813 | Depths:3 | Found Qextes's Overcharged Wands.
 28848 | Depths:3 | Found a runed translucent gate.
 28849 | Depths:3 | Found an opulent altar of Gozag.
 28849 | Depths:3 | Found a runed translucent gate.
 28850 | Depths:3 | Noticed Vulomepn's ghost (adept HOBe)
 28852 | Depths:3 | Found Cyoc's Assorted Antiques.
 28886 | Depths:3 | Paralysed by a floating eye for 2 turns
 28976 | Depths:3 | Identified the +4 shortbow of Gallantry {venom, rPois Str+3
                  | Int-3 Dex+3} (Okawaru gifted it to you on level 3 of the
                  | Depths)
 28976 | Depths:3 | Received a gift from Okawaru
 29054 | Depths:3 | Reached skill level 27 in Ranged Weapons
 29161 | Depths:3 | Found a blossoming altar of Fedhas.
 29936 | Depths:3 | Identified the +5 arbalest of Sosmuwoo {flame, Fly rC+
                  | rCorr} (Okawaru gifted it to you on level 3 of the Depths)
 29936 | Depths:3 | Received a gift from Okawaru
 30155 | Depths:3 | Identified the amulet "Noupifuu" {Reflect Int+8 SH+5}
 30250 | Depths:4 | Noticed a caustic shrike
 30250 | Depths:4 | Noticed a caustic shrike
 30250 | Depths:4 | Noticed a caustic shrike
 30257 | Depths:3 | Killed a caustic shrike
 30388 | Depths:4 | Reached skill level 1 in Evocations
 30519 | Depths:3 | Reached XP level 19. HP: 150/187 MP: 23/27
 30581 | Depths:4 | Received a gift from Okawaru
 30613 | Depths:4 | Killed a caustic shrike
 30619 | Depths:4 | Killed a caustic shrike
 30645 | Depths:4 | Reached skill level 1 in Throwing
 30899 | Depths:2 | Identified the +6 shortbow of Meimunio {flame, rElec rC+
                  | Will+} (Okawaru gifted it to you on level 2 of the Depths)
 30899 | Depths:2 | Received a gift from Okawaru
 30975 | Depths:2 | Identified the +7 battleaxe "Kuast" {holy, Fragile Str+4
                  | Dex+8}
 31097 | Depths:2 | Identified the +1 pair of gloves of Oleu {rCorr Str+7}
                  | (Okawaru gifted it to you on level 2 of the Depths)
 31097 | Depths:2 | Received a gift from Okawaru
 31362 | Depths:2 | Found a one-way gateway to a ziggurat.
 31377 | Depths:2 | Found a runed translucent door.
 31412 | Depths:2 | Found a one-way gate leading to the halls of Pandemonium.
 31648 | Depths:2 | Reached skill level 5 in Evocations
 31693 | Depths:2 | Reached skill level 5 in Throwing
 32232 | Depths:2 | Received a gift from Okawaru
 32481 | Depths:2 | Reached XP level 20. HP: 154/198 MP: 15/28
 32560 | Depths:2 | Identified the +10 arbalest of Demand {penet, rF- Int+6}
 33049 | Shoals:1 | Entered Level 1 of the Shoals
 33283 | Shoals:1 | You fall into a shaft and drop 1 floor!
 33465 | Shoals:2 | Noticed Ilsuiw
 33480 | Shoals:2 | Killed Ilsuiw
 33966 | Shoals:2 | Noticed Frances
 33971 | Shoals:2 | Killed Frances
 33974 | Shoals:2 | Received a gift from Okawaru
 34222 | Shoals:3 | Reached skill level 15 in Armour
 34423 | Shoals:3 | Received a gift from Okawaru
 34818 | Shoals:4 | Entered Level 4 of the Shoals
 34898 | Shoals:4 | Paralysed by an air elemental for 1 turns
 34986 | Shoals:4 | Received a gift from Okawaru
 35026 | Shoals:4 | Reached skill level 1 in Stealth
 35041 | Shoals:4 | Reached skill level 15 in Dodging
 35124 | Shoals:4 | Received a gift from Okawaru
 35206 | Shoals:4 | Got the Discourse on Terra Firma and the Welkin
 35213 | Shoals:4 | Got a barnacled rune of Zot
 35426 | Shoals:4 | Identified the +5 dagger "Edoilaosm" {freeze, Fragile rPois
                  | Will+ Dex+3}
 35460 | Shoals:4 | Found a blossoming altar of Fedhas.
 35517 | Shoals:4 | Received a gift from Okawaru
 35531 | Shoals:4 | Identified the +0 robe of Gass {rN+} (Okawaru gifted it to
                  | you on level 4 of the Shoals)
 35531 | Shoals:4 | Received a gift from Okawaru
 35984 | Elf:1    | Entered Level 1 of the Elven Halls
 37177 | Elf:2    | Reached XP level 21. HP: 209/209 MP: 29/29
 37184 | Elf:2    | Found a runed translucent gate.
 37185 | Elf:2    | Found a runed translucent gate.
 37185 | Elf:2    | Found a runed translucent gate.
 37211 | Elf:2    | Found a runed translucent door.
 37237 | Elf:2    | Found a runed translucent door.
 37286 | Elf:2    | Found a radiant altar of Vehumet.
 37416 | Elf:2    | Received a gift from Okawaru
 37449 | Elf:2    | Received a gift from Okawaru
 37482 | Elf:2    | Received a gift from Okawaru
 37799 | Elf:3    | Entered Level 3 of the Elven Halls
 38144 | Elf:3    | Received a gift from Okawaru
 38159 | Elf:3    | Noticed Zenata
 38173 | Elf:3    | Killed Zenata
 38173 | Elf:3    | Received a gift from Okawaru
 38182 | Elf:3    | Received a gift from Okawaru
 38189 | Elf:3    | Paralysed by an air elemental for 1 turns
 38195 | Elf:3    | Identified the +3 ring mail "Daakieth" {rElec rPois rF+}
                  | (Okawaru gifted it to you on level 3 of the Elven Halls)
 38195 | Elf:3    | Received a gift from Okawaru
 38397 | Elf:3    | Identified the +1 plate armour "Nuvvoc Qufo" {rElec rN++
                  | rCorr Int-5}
 38403 | Elf:3    | Identified the +6 plate armour "Nautuc" {rElec rC- SInv}
 38408 | Elf:3    | Identified the +2 ring mail "Jait" {Regen+ Dex+4}
 38500 | Elf:3    | Identified the +2 chain mail "Gaqeffua" {Int+5}
 38502 | Elf:3    | Got Icohigun's Guidebook on Excruciating Hexes
 38504 | Elf:3    | Identified the +10 plate armour "Cucsalif" {Contam rElec
                  | rF++ Regen+}
 38507 | Elf:3    | Identified the ring of Voesac {rPois rF+ rC+ Int-4 Dex+6}
 38867 | Vaults:1 | Entered Level 1 of the Vaults
 38931 | Vaults:1 | Found a magical portal.
 38936 | WizLab   | Entered The Hall of the Hellbinder
 38982 | WizLab   | Gained mutation: Your spells are a little easier to cast,
                  | but a little less powerful. [a cacodemon]
 39214 | WizLab   | Noticed Qidezic
 39216 | WizLab   | Found a burning altar of Makhleb.
 39230 | WizLab   | Killed Qidezic the Hellbinder
 39230 | WizLab   | Received a gift from Okawaru
 39284 | WizLab   | Identified the +5 rapier "Qoczotaf" {protect, rElec rPois
                  | Int-5 SInv Stlth+}
 39490 | Vaults:1 | Reached XP level 22. HP: 223/223 MP: 30/30
 39496 | Vaults:1 | Received a gift from Okawaru
 39657 | Vaults:1 | Noticed a golden dragon
 39659 | Vaults:1 | Found the +9 scales of the Dragon King {rPois rF+ rC+
                  | Will+}
 39661 | Vaults:1 | Killed a golden dragon
 39735 | Vaults:1 | Identified the +5 trident of Kouzxatuo {freeze, Str+2}
 39765 | Vaults:1 | Found Cooxo's Book Shop.
 40348 | Vaults:1 | Received a gift from Okawaru
 40348 | Vaults:1 | Found the +2 cloak of the Thief {*Fog Slay-2 SInv Stlth+}
 41586 | Vaults:2 | Identified the +10 rapier of safid's Painful Death {flame,
                  | +Blink rElec Str+6 Int-5}
 41847 | Vaults:2 | Received a gift from Okawaru
 41999 | Vaults:3 | Identified the +6 crystal plate armour of the Fiend {rN+
                  | MP+9 Int-3 Dex+6} (Okawaru gifted it to you on level 3 of
                  | the Vaults)
 41999 | Vaults:3 | Received a gift from Okawaru
 42031 | Vaults:3 | Identified the +3 sling of the Egg {venom, rElec Dex+6
                  | Stlth+}
 42040 | Vaults:3 | Noticed Mara
 42058 | Vaults:3 | Noticed safid's illusion
 42065 | Vaults:3 | Killed Mara
 42332 | Vaults:3 | Noticed Asterion
 42334 | Vaults:3 | Killed Asterion
 42467 | Vaults:3 | Reached XP level 23. HP: 214/234 MP: 27/31
 42522 | Vaults:3 | Found a staircase to the Crypt.
 42522 | Vaults:3 | Found a basalt altar of Yredelemnul.
 42523 | Vaults:3 | Found an ancient bone altar of Kikubaaqudgha.
 42927 | Crypt:1  | Entered Level 1 of the Crypt
 43017 | Crypt:1  | Received a gift from Okawaru
 43203 | Crypt:1  | Identified the amulet of Ihyaciw {RegenMP rC+ Dex+2}
 43223 | Crypt:1  | Identified the +4 spear of Ukligus {flame, rF+ rC- Str+3
                  | Int+4}
 43266 | Crypt:1  | Found a basalt altar of Yredelemnul.
 43519 | Crypt:1  | Received a gift from Okawaru
 44386 | Slime:1  | Entered Level 1 of the Pits of Slime
 44994 | Slime:4  | Paralysed by a great orb of eyes for 4 turns
 45153 | Slime:5  | Entered Level 5 of the Pits of Slime
 45774 | Slime:5  | Gained mutation: Your spells are easier to cast, but less
                  | powerful. [a shining eye]
 45781 | Slime:5  | Noticed the Royal Jelly
 45799 | Slime:5  | Killed the Royal Jelly
 45799 | Slime:5  | Identified the +6 scale mail of the Fife {Dex+4 Stlth+}
                  | (Okawaru gifted it to you on level 5 of the Pits of Slime)
 45799 | Slime:5  | Received a gift from Okawaru
 46812 | Slime:5  | Found the +0 staff of Battle
 46821 | Slime:5  | Found the +3 Mad Mage's Maulers {Infuse+∞ RegenMP Int-3}
 46908 | Slime:5  | Identified the ring "Ishaac" {AC+4 Str+4}
 46915 | Slime:5  | Got a slimy rune of Zot
 46948 | Slime:5  | Identified the +5 scimitar of Amortisation {venom, *Corrode
                  | Will+ Str+8}
 46949 | Slime:5  | Identified the +6 dagger of Pestilence {chaos, +Blink}
 46954 | Slime:5  | Identified the amulet of the Cicada {Regen+ Int+3 Dex+3}
 48099 | Depths:3 | Killed Vulomepn's ghost
 48237 | Depths:3 | Bought a potion of resistance for 270 gold pieces
 48237 | Depths:3 | Bought a scroll of blinking for 202 gold pieces
 48237 | Depths:3 | Bought a scroll of teleportation for 81 gold pieces
 48285 | Depths:4 | Identified the +1 pair of boots of Imperfection {Drain Fly
                  | rC+ rN+++} (Okawaru gifted it to you on level 4 of the
                  | Depths)
 48285 | Depths:4 | Received a gift from Okawaru
 48351 | Depths:4 | Found a gate to the Realm of Zot.
 48613 | Zot:1    | Entered Level 1 of the Realm of Zot
 48617 | Zot:1    | Reached XP level 24. HP: 242/242 MP: 31/31
 48831 | Zot:1    | Identified the +1 robe of Yjye {Harm Fly Int+3 Dex-3
                  | Stlth+}
 49090 | Zot:1    | Identified the +5 tower shield "Lofuorch Luve" {-Cast rC++
                  | Regen+}
 49219 | Zot:1    | Reached skill level 27 in Armour
 49590 | Zot:1    | Identified the +1 pair of gloves "Fimem" {rCorr Int+8}
                  | (Okawaru gifted it to you on level 1 of the Realm of Zot)
 49590 | Zot:1    | Received a gift from Okawaru
 50666 | Zot:2    | Identified the +7 chain mail of the Blue Skies {rN+ Str-3
                  | Int+4}
 51363 | Zot:3    | Found a runed translucent door.
 51364 | Zot:3    | Found a shimmering altar of Xom.
 51364 | Zot:3    | Noticed runemage's ghost (legendary GnFi)
 51424 | Zot:3    | Received a gift from Okawaru
 51457 | Zot:3    | Identified the +7 arbalest "Ismiymuir" {freeze, rF+}
                  | (Okawaru gifted it to you on level 3 of the Realm of Zot)
 51457 | Zot:3    | Received a gift from Okawaru
 51465 | Zot:3    | Reached XP level 25. HP: 133/255 MP: 27/31
 51739 | Zot:3    | Noticed a dread lich
 51748 | Zot:3    | Killed a dread lich
 52410 | Zot:4    | Received a gift from Okawaru
 52442 | Zot:4    | Reached skill level 27 in Fighting
 53237 | Zot:5    | Entered Level 5 of the Realm of Zot
 53279 | Zot:5    | Received a gift from Okawaru
 53377 | Zot:5    | Received a gift from Okawaru
 53494 | Zot:5    | Identified the +2 arbalest "Saenkufru" {venom, rElec rCorr
                  | Str-5 SInv} (Okawaru gifted it to you on level 5 of the
                  | Realm of Zot)
 53494 | Zot:5    | Received a gift from Okawaru
 53611 | Zot:5    | Noticed an ancient lich
 53614 | Zot:5    | Noticed a dread lich
 53621 | Zot:5    | Killed an ancient lich
 53640 | Zot:5    | Killed a dread lich
 53673 | Zot:5    | Noticed a Killer Klown
 53804 | Zot:5    | Killed a Killer Klown
 53844 | Zot:5    | Noticed a Killer Klown
 53849 | Zot:5    | Killed a Killer Klown
 53865 | Zot:5    | Noticed a Killer Klown
 53865 | Zot:5    | Noticed an orb of fire
 53868 | Zot:5    | Killed a Killer Klown
 53868 | Zot:5    | Gained mutation: You are frail. (-10% HP) [an orb of fire]
 53874 | Zot:5    | Killed an orb of fire
 53874 | Zot:5    | Received a gift from Okawaru
 53877 | Zot:5    | Lost mutation: You are frail. (-10% HP) [potion of
                  | mutation]
 53877 | Zot:5    | Lost mutation: Your spells are easier to cast, but less
                  | powerful. [potion of mutation]
 53877 | Zot:5    | Lost mutation: Your spells are a little easier to cast, but
                  | a little less powerful. [potion of mutation]
 53877 | Zot:5    | Gained mutation: You are occasionally teleported next to
                  | monsters. [potion of mutation]
 53877 | Zot:5    | Gained mutation: You are partially covered in large bone
                  | plates. (SH +4) [potion of mutation]
 53878 | Zot:5    | Lost mutation: You are occasionally teleported next to
                  | monsters. [potion of mutation]
 53878 | Zot:5    | Lost mutation: You are partially covered in large bone
                  | plates. (SH +4) [potion of mutation]
 53878 | Zot:5    | Gained mutation: You are somewhat resistant to further
                  | mutation. [potion of mutation]
 53951 | Zot:5    | Reached skill level 10 in Throwing
 53953 | Zot:5    | Received a gift from Okawaru
 53967 | Zot:5    | Identified the +0 scale mail of Okawaru's Hope {Harm Dex+2}
                  | (Okawaru gifted it to you on level 5 of the Realm of Zot)
 53967 | Zot:5    | Received a gift from Okawaru
 54019 | Zot:5    | Got the Orb of Zot
 54068 | Zot:5    | Noticed a seraph
 54197 | Zot:3    | Reached XP level 26. HP: 225/266 MP: 32/32
 54384 | Depths:1 | Reached skill level 10 in Evocations
 54869 | D:$      | Escaped with the Orb!

Illustrated notes

Levels and vault maps discovered:
D:1:      heliophobic_arrival_enchanted_forest, layout_basic, serial_shops,
          nicolae_shop_bloodbath_and_beyond, chequers_serial_rivers_large_a
D:2:      layout_basic, kennysheep_generic_room_13
D:3:      layout_basic, nemelex_xobeh_ov_fountains_minmay,
          hellmonk_ecumenical_altar_prayer_group, minmay_shallow_snake_nest,
          uniq_terence, uniq_jessica, uniq_sigmund
D:4:      layout_basic, gammafunk_temple_overflow_claw,
          minmay_temple_entry_slanted, uniq_pikel, uniq_grinder
D:5:      layout_loops_corners, kennysheep_diamond
D:6:      layout_loops_cross, trog_wizard, cheibriados_altar_1, zin_treasury,
          uniq_menkaure
D:7:      layout_loops_corners, uniq_maggie
D:8:      layout_loops_ring, mainiacjoe_overflow_surrounded_room,
          david_lair_shrubbed, gammafunk_ghost_spectres,
          dreamdust_mushroom_princess, uniq_joseph
D:9:      gammafunk_the_bubble [the_bubble_gammafunk_roulette], layout_basic,
          enter_bailey_5, serial_co_window_serial, co_window_cross_1,
          co_window_paths_b, co_window_paths_a, co_window_paths_b,
          co_window_corner_a, co_window_of_opportunity_b, co_window_broadway_a,
          co_window_corner_b, co_window_corner_b, co_window_corner_b,
          co_window_paths_c, glass_columns_b, glass_columns_b, glass_columns_c,
          glass_columns_c, glass_columns_c
D:10:     layout_small_grid
D:11:     cheibrodos_magma_flow, layout_long_grid, david_orc_2, uniq_grum,
          uniq_nergalle
D:12:     layout_basic, special_room [special_room_orc]
D:13:     layout_basic, erik_vaults_1, enter_trove_6, nicolae_ru_path_of_blood
D:14:     layout_loops_cross, gammafunk_ghost_hive, serial_bayou,
          serial_bayou_pond_e, serial_bayou_pond_e, serial_bayou_pond_b,
          serial_bayou_lagoon_a, nicolae_elevator_lobby_asterisk
D:15:     hangedman_slaughterboxes, serial_shops
Temple:   eino_temple_lava
Lair:1:   hellmonk_ruined_rings, layout_hall_layers, nzn_random_ring
Lair:2:   layout_cave_pods, minmay_shoals_entry_lonely_mermaid, basic_altar,
          grunt_megastairs_4, infiniplex_staircase_pool_2
Lair:3:   layout_regular_city, spider_nest_entry_rubble,
          minmay_shattered_shrine, infiniplex_staircase_pool
Lair:4:   layout_roguey, st_stairs_9, chequers_serial_rivers_micro_c
Lair:5:   hellmonk_lair_end_abyssal_woods, layout_layer_cave, slime_entry_1,
          grunt_forest_small_clearings, grunt_megastairs_1
Shoals:1: layout_shoals
Shoals:2: layout_shoals, uniq_ilsuiw, uniq_frances
Shoals:3: layout_shoals
Shoals:4: shoals_end_hellmonk_storm_palace [storm_palace_center_circular,
          storm_palace_corner_reverse_hut, storm_palace_corner_altar,
          storm_palace_corner_reverse_hut, storm_palace_corner_blocked]
Spider:1: layout_spider_delve, uniq_mlioglotl
Spider:2: layout_spider_delve, nicolae_spider_cling_halls, uniq_louise
Spider:3: layout_cave_pods, einodemon_crawler_minivault
Spider:4: hellmonk_spider_rune_bug_friends, uniq_arachne
Slime:1:  layout_caves
Slime:2:  cheibrodos_slime_lost_civilization_2, layout_caves
Slime:3:  layout_caves, uniq_donald
Slime:4:  layout_caves, cheibrodos_slime_lost_civilization_7
Slime:5
Orc:1:    layout_caves, bh_open_orc_temple
Orc:2:    st_orc_mages, layout_caves, basic_altar, nicolae_shop_self_help,
          uniq_maurice, uniq_erolcha, uniq_josephine, uniq_jorgrun
Elf:1:    layout_onion_city, evilmike_minifort
Elf:2:    elven_hall_of_blades_hangedman_original
          [nicolae_blade_entry_splitting_headache], layout_geoelf_octagon,
          basic_altar, nicolae_elf_hall_of_bonks
Elf:3:    minmay_elf_hall, layout_rooms, uniq_zenata
Vaults:1: mu_enter_wizlab_2, nicolae_vaults_windows_and_doors_thing,
          v_alt_pattern_3, hangedman_vaults_snaps, st_octagons_1,
          grunt_vaults_diagonal, nicolae_vaults_network_quinsquares
          [nicolae_vaults_network_quincunx_subvault,
          nicolae_vaults_network_quincunx_subvault,
          nicolae_vaults_network_quincunx_subvault,
          nicolae_vaults_network_quincunx_subvault], hangedman_vaults_trim,
          vaults_standard_mumra_enter_the_diamond, vaults_standard_mumra_x,
          vaults_dpeg_spiral, grunt_vaults_hallway_long,
          ontoclasm_vaults_ring_square, hangedman_vaults_stretched_pinwheel,
          layout_vaults_omnibox, serial_shops, shop
Vaults:2: v_alt_pattern_2, vaults_standard_mumra_lines, v_alt_pattern_3,
          v_misc_29, grunt_vaults_hallway_short, v_misc_3,
          ontoclasm_vaults_hangar, vaults_dpeg_ring, v_misc_12,
          ontoclasm_vaults_chip, layout_vaults_quadrants
Vaults:3: minmay_crypt_entry_necro_gods, v_misc_3, nicolae_vaults_alarming,
          vaults_mumra_minichess, v_misc_5, hangedman_vaults_nodes,
          ontoclasm_vaults_decontamination, ontoclasm_vaults_ring_large,
          layout_vaults_ring, uniq_asterion, uniq_mara
Crypt:1:  layout_catacombs, basic_altar, hex_tiny
Depths:1: layout_small_grid, eino_curves_03, abyss_entry_glasseish,
          pf_hell_entry_tar_river, nicolae_inconvenience_store,
          lemuel_statue_altar, minivault_22, water_boxes_lemuel
Depths:2: lemuel_traditional_vault, layout_basic, enter_ziggurat_e,
          nicolae_abyss_entry_one_way_or_another, hangedman_coc_ice_floe,
          rand_demon_pan_entry_3, minmay_crystal_box
Depths:3: minmay_tri_box, layout_basic, lightli_too_deep, ebering_ghost_gozag,
          abyss_entry, fedhas_altar_fruit_tree, nicolae_shop_overcharged_wands,
          infiniplex_staircase_zigzag_4
Depths:4: grunt_zot_entry_alcove, layout_cave_pools,
          abyss_entry_small_statue_room, serial_bayou_ford_a, hell_entry,
          serial_bayou_shore_b, serial_bayou_shore_b
Zot:1:    gammafunk_mikee_crab_dinner, layout_gridlike
Zot:2:    layout_gridville, hangedman_snake_sidewinding
Zot:3:    layout_misc_corridors, ebering_ghost_xom, hangedman_player_shredder
Zot:4:    grunt_zot_stairs_overgrown, layout_basic
Zot:5:    layout_misc_corridors, skrybe_zot_glass_1

Skill      XL: |  1  2  3  4  5  6  7  8  9 10 11 12 13 14 15 16 17 18 19 20 21 22 23 24 25 26 |
---------------+-------------------------------------------------------------------------------+-----
Fighting       | 3 5 6 8 10 12 14 16 19 20 21 22 24 25 26 27 | 27.0
Ranged Weapons | 5 6 7 9 11 13 15 17 19 20 21 22 25 27 | 27.0
Invocations    | 5 8 10 12 14 | 14.0
Armour         | 1 6 9 12 14 16 18 22 26 27 | 27.0
Dodging        | 6 8 9 11 12 14 15 17 18 19 21 | 21.2
Evocations     | 1 5 6 9 10 | 10.1
Throwing       | 5 6 7 10 | 10.6
Stealth        | 1 |  1.0

Action                   |  1- 3 |  4- 6 |  7- 9 | 10-12 | 13-15 | 16-18 | 19-21 | 22-24 | 25-27 || total
-------------------------+-------+-------+-------+-------+-------+-------+-------+-------+-------++-------
Melee: Triple crossbow   |       |       |       |       |       |       |       |     6 |     1 ||     7
       Headbutt          |       |       |       |       |       |       |       |     3 |       ||     3
       Unarmed           |       |       |       |       |       |       |       |       |     3 ||     3
 Fire: Shortbow          |   113 |    70 |   283 |   121 |       |       |       |       |       ||   587
       Longbow           |       |       |       |   521 |  1346 |  1065 |       |       |       ||  2932
       Triple crossbow   |       |       |       |       |       |   343 |  1245 |  1403 |   408 ||  3399
Throw: Javelin           |       |       |       |       |       |       |       |     7 |       ||     7
Invok: Finesse           |       |       |       |    10 |    12 |    14 |    14 |    25 |     7 ||    82
       Heroism           |       |       |       |     3 |     1 |       |       |     2 |       ||     6
  Use: Potion            |       |       |     2 |     3 |       |     3 |     4 |    15 |     6 ||    33
       Scroll            |       |       |     9 |     5 |    13 |    16 |    10 |     8 |     4 ||    65
Armor: Leather armour    |    14 |     7 |    15 |     1 |       |       |       |       |       ||    37
       Scale mail        |       |       |       |   132 |   104 |       |       |       |       ||   236
       Troll leather arm |       |       |       |       |    57 |   100 |    88 |       |       ||   245
       Ring mail         |       |       |       |       |       |       |     7 |    55 |       ||    62
       Gold dragon scale |       |       |       |       |       |       |       |   207 |   158 ||   365
Dodge: Dodged            |    37 |    23 |    66 |   154 |   227 |   214 |   354 |   719 |   187 ||  1981
Block: Other             |     9 |       |       |       |       |       |       |       |       ||     9
       Reflection        |     1 |       |       |       |       |       |       |       |       ||     1
